 Dungeon Crawl Stone Soup version 0.31-a0-7-g51783674b7 (webtiles) character file.

Game seed: 13784829435512931380

501 Maxmaps the Shooter (level 6, -4/44 HPs)
             Began as a Demonspawn Hunter on May 5, 2023.
             Slain by Pikel
             ... wielding a +2 whip of electrocution
              (11 damage)
             ... on level 5 of the Dungeon.
             The game lasted 00:06:06 (3861 turns).

Maxmaps the Shooter (Demonspawn Hunter)             Turns: 3861, Time: 00:06:06

Health: -4/44      AC: 10    Str: 11    XL:     6   Next: 95%
Magic:  6/6        EV: 10    Int: 16    God:
Gold:   260        SH:  0    Dex: 17    Spells: 5/5 levels left

rFire   . . .        a - +0 shortbow
rCold   . . .        (shield currently unavailable)
rNeg    . . .        j - +1 ring mail
rPois   .            e - +0 helmet
rElec   .            (no cloak)
rCorr   .            f - +0 pair of gloves
SInv    .            (boots unavailable)
Will    .....        (no amulet)
Stlth   +            q - +6 ring of intelligence
HPRegen 0.27/turn    (no ring)
MPRegen 0.10/turn

%: no passive effects
@: no status effects
A: hooves 3, yellow scales 1, ignite blood 1, dopey 1
a: no special abilities


You were on level 5 of the Dungeon.
You visited 1 branch of the dungeon, and saw 5 of its levels.

You collected 260 gold pieces.

Inventory:

Hand Weapons
 a - a +0 shortbow (weapon)
Armour
 e - a +0 helmet (worn)
 f - a +0 pair of gloves (worn)
 j - a +1 ring mail (worn)
Jewellery
 q - a +6 ring of intelligence (left hand)
Scrolls
 b - 2 scrolls of immolation
 c - a scroll of teleportation
 l - a scroll of noise
Potions
 d - a potion of mutation
 g - a potion of haste
 i - a potion of degeneration {unknown}
 k - a potion of curing
 m - a potion of invisibility
 p - 3 potions of lignification
 u - a potion of might


   Skills:
 - Level 2.0 Fighting
 + Level 7.7 Ranged Weapons
 - Level 1.7 Dodging
 - Level 0.8 Stealth


You had 5 spell levels left.
You didn't know any spells.
Your spell library contained the following spells:

 Spells                   Type           Power      Damage    Failure   Level
 Cigotuvi's Dreadful Rot  Necr/Pois/Air  0%         N/A       67%         2
 Lesser Beckoning         Tloc           0%         N/A       67%         2
 Gell's Gravitas          Tloc           0%         N/A       88%         3
 Ignite Poison            Fire/Tmut/Pois 0%         N/A       88%         3
 Teleport Other           Tloc           0%         N/A       88%         3
 Manifold Assault         Tloc           0%         N/A       99%         4
 Petrify                  Tmut/Erth      0%         N/A       99%         4
 Freezing Cloud           Conj/Ice/Air   0%         6-21      100%        5
 Metabolic Englaciation   Hex/Ice        0%         N/A       100%        5
 Dispersal                Tloc           0%         N/A       100%        6
 Statue Form              Tmut/Erth      0%         N/A       100%        6
 Disjunction              Tloc           0%         N/A       100%        8


Dungeon Overview and Level Annotations

Branches:
Dungeon (5/15)
 Temple: D:4-7

Altars:

Annotations:
D:5 Pikel


Innate Abilities, Weirdness & Mutations

You have hooves in place of feet.
You are partially covered in yellow scales. (AC +2)
Your demonic aura sometimes causes spilled blood to erupt in flames.
You are dopey. (Int -2)


Message History

Press: ? - help, Shift-Dir - straight line, f/p - Pikel
Aim: Pikel, wielding a +2 whip of electrocution and wearing a +0 robe (severely wounded, unable to see you, 58% to hit)
You shoot an arrow. The arrow hits Pikel!
Pikel is almost dead.
A lemure comes into view.
Pikel barely misses you.
Pikel hits you with a +2 whip of electrocution.
Fire: a) +0 shortbow
Press: ? - help, Shift-Dir - straight line, f/p - Pikel
Aim: Pikel, wielding a +2 whip of electrocution and wearing a +0 robe (almost dead, unable to see you, 58% to hit)
You shoot an arrow. The arrow misses Pikel.
The arrow barely misses the lemure.
The arrow misses the lemure.
Pikel hits you with a +2 whip of electrocution!
* * * LOW HITPOINT WARNING * * *
Fire: a) +0 shortbow
Press: ? - help, Shift-Dir - straight line, f/p - Pikel
Aim: Pikel, wielding a +2 whip of electrocution and wearing a +0 robe (almost dead, unable to see you, 58% to hit)
You shoot an arrow.
The arrow hits Pikel but does no damage.
Pikel is almost dead.
Pikel says, "You'll make a fine lemure."
Pikel barely misses you.
Unknown command.
Fire: a) +0 shortbow
Press: ? - help, Shift-Dir - straight line, f/p - Pikel
Aim: Pikel, wielding a +2 whip of electrocution and wearing a +0 robe (almost dead, unable to see you, 58% to hit)
You shoot an arrow.
The arrow hits Pikel but does no damage.
Pikel is almost dead.
You flicker back into view.
Pikel hits you with a +2 whip of electrocution.
* * * LOW HITPOINT WARNING * * *
Fire: a) +0 shortbow
Press: ? - help, Shift-Dir - straight line, f/p - Pikel
Aim: Pikel, wielding a +2 whip of electrocution and wearing a +0 robe (almost dead, 58% to hit)
You shoot an arrow. The arrow closely misses Pikel.
The arrow hits the lemure but does no damage.
The lemure is moderately wounded.
Pikel hits you but does no damage.
You are electrocuted!
You die...

#..# .# #..# .#
#######..########.#
.........##.......#
....####.##.###.5##
##..#######+####5#
.......#.§§§§§§#5#
##..##.#.§§§§§§#K#
#..##.#.§#♣#§§#@#
....##.)..# ..+.#
###.##.#..# ..###
#.##.#.......#
#.##.#.......#
#.##.####+#### #.#
... .8.


You could see Pikel and 3 lemures.

Vanquished Creatures
  An ice beast (D:5)
  A lemure (D:5)
  A phantom (D:4)
  A hound (D:5)
  A gnoll bouda (D:4)
  An orc priest (D:3)
  Jessica (D:3)
  Robin (D:2)
  5 gnolls (D:4)
  6 adders
  3 dart slugs
  A worm (D:3)
  10 orcs
  6 ball pythons
  4 bats
  4 endoplasms
  A giant cockroach (D:1)
  11 hobgoblins
  3 jackals (D:2)
  5 quokkas
  A frilled lizard (D:2)
  14 goblins
  7 kobolds
  5 rats
94 creatures vanquished.

Notes
Turn   | Place    | Note
-------+----------+-------------------------------------------
     0 | D:1      | Maxmaps the Demonspawn Hunter began the quest for the Orb.
     0 | D:1      | Reached XP level 1. HP: 16/16 MP: 1/1
   105 | D:1      | Reached skill level 4 in Ranged Weapons
   151 | D:1      | Gained mutation: You are partially covered in yellow
                  | scales. (AC +2) [demonic ancestry]
   151 | D:1      | Reached XP level 2. HP: 22/22 MP: 2/2
   554 | D:1      | Gained mutation: Your demonic aura sometimes causes spilled
                  | blood to erupt in flames. [demonic ancestry]
   554 | D:1      | Reached XP level 3. HP: 27/27 MP: 3/3
  1264 | D:2      | Noticed Robin
  1302 | D:2      | Reached skill level 5 in Ranged Weapons
  1334 | D:2      | Gained mutation: You are dopey. (Int -2) [potion of
                  | mutation]
  1355 | D:2      | Killed Robin
  1356 | D:2      | Gained mutation: You have large cloven feet. [demonic
                  | ancestry]
  1356 | D:2      | Reached XP level 4. HP: 10/33 MP: 4/4
  2149 | D:3      | Noticed Jessica
  2157 | D:3      | Killed Jessica
  2158 | D:3      | Gained mutation: You have hoof-like feet. [demonic
                  | ancestry]
  2158 | D:3      | Reached XP level 5. HP: 38/38 MP: 5/5
  2550 | D:3      | Reached skill level 6 in Ranged Weapons
  2704 | D:3      | Found a faded altar of an unknown god.
  3052 | D:4      | Noticed a phantom
  3065 | D:4      | Killed a phantom
  3066 | D:4      | Gained mutation: You have hooves in place of feet. [demonic
                  | ancestry]
  3066 | D:4      | Reached XP level 6. HP: 36/44 MP: 6/6
  3234 | D:4      | Reached skill level 7 in Ranged Weapons
  3536 | D:5      | Entered Level 5 of the Dungeon
  3599 | D:5      | Noticed an ice beast
  3613 | D:5      | Killed an ice beast
  3828 | D:5      | Noticed Pikel
  3861 | D:5      | Slain by Pikel

Illustrated notes

Levels and vault maps discovered:
D:1:      dpeg_arrival_simpleton_b, layout_basic, chequers_serial_rivers_small_a
D:2:      layout_basic, uniq_robin
D:3:      layout_basic, shapermc_ecumenical_altar_pompeii, minmay_box_of_dots,
          uniq_jessica
D:4:      layout_loops_cross, minmay_strange_pillars
D:5:      layout_loops_ring, minmay_temple_entry_waves, serial_shops, shop,
          corner_web_ring, kennysheep_generic_room_11, uniq_pikel

Skill      XL: |  1  2  3  4  5  6 |
---------------+-------------------+-----
Ranged Weapons | 4 5 6 7 |  7.7
Fighting       | |  2.0
Dodging        | |  1.7
Stealth        | |  0.8

Action                     |  1- 3 |  4- 6 || total
---------------------------+-------+-------++-------
   Fire: Shortbow          |   138 |   207 ||   345
    Use: Potion            |     3 |     3 ||     6
         Scroll            |       |    11 ||    11
 Armour: Leather armour    |    13 |       ||    13
         Ring mail         |    31 |    63 ||    94
  Dodge: Dodged            |    47 |    62 ||   109

Table legend: (Time is in decaauts)
 A = Elapsed time spent in this place.
 B = Non-inter-level travel time spent in this place.
 C = Inter-level travel time spent in this place.
 D = Time resting spent in this place.
 E = Time spent auto-exploring this place.
 F = Levels seen in this place.
 G = Mean time per level.
                   A        B        C        D        E       F      G
               +--------+--------+--------+--------+--------+-----+--------+
         Total |   3958 |   3566 |    392 |    484 |   2400 |   5 |  791.6 |
       Dungeon |   3958 |   3566 |    392 |    484 |   2400 |   5 |  791.6 |
               +--------+--------+--------+--------+--------+-----+--------+

Top non-repeatable levels by time:
     D:1: 1055 daAuts
     D:2: 898 daAuts
     D:3: 883 daAuts
     D:4: 783 daAuts
     D:5: 338 daAuts
